 Dungeon Crawl Stone Soup version 0.22-a0-305-gd21a89c538 (webtiles) character file.

390 Oravi the Cutter (level 7, -4/40 HPs)
             Began as a Kobold Hunter on Mar 31, 2018.
             Was an Initiate of Dithmenos.
             Killed by divine providence
             ... invoked by an orc priest
              (9 damage)
             ... on level 5 of the Dungeon.
             The game lasted 00:15:08 (4392 turns).

Oravi the Cutter (Kobold Hunter)                    Turns: 4392, Time: 00:15:09

Health: -4/40      AC:  4    Str: 12    XL:     7   Next: 7%
Magic:  7/7        EV: 17    Int: 12    God:    Dithmenos [......]
Gold:   143        SH:  0    Dex: 15    Spells: 6/6 levels left

rFire    . . .     SeeInvis .   a - +2 hand crossbow
rCold    . . .     Gourm    .   (shield restricted)
rNeg     . . .     Faith    .   c - +0 leather armour
rPois    .         Spirit   .   (no helmet)
rElec    .         Reflect  .   (no cloak)
rCorr    .         Harm     .   g - +0 pair of gloves
MR       .....                  (no boots)
Stlth    ++........             (no amulet)
HPRegen  0.13/turn              (no ring)
MPRegen  0.10/turn              (no ring)

@: no status effects
A: small, carnivore
a: Renounce Religion


You were on level 5 of the Dungeon.
You worshipped Dithmenos.
Dithmenos was noncommittal.
You were very full.

You visited 2 branches of the dungeon, and saw 6 of its levels.

You collected 143 gold pieces.

Inventory:

Hand Weapons
 a - a +2 hand crossbow (weapon)
 b - a +3 short sword
Missiles
 d - 37 bolts (quivered)
Armour
 c - a +0 leather armour (worn)
 g - a +0 pair of gloves (worn)
Wands
 k - a wand of iceblast (9)
Scrolls
 e - a scroll of immolation {unknown}
 h - a scroll of enchant armour {unknown}
 j - a scroll of torment {unknown}
 m - a scroll of teleportation
 n - a scroll of blinking {unknown}
 r - 4 scrolls of identify
Potions
 l - a potion of flight
 o - a potion of degeneration {unknown}
 p - a potion of agility
 t - a potion of mutation {unknown}
 u - 2 potions of lignification {unknown}
Comestibles
 f - 8 rations


   Skills:
 - Level 2.1 Fighting
 + Level 6.2 Short Blades
 - Level 5.0 Crossbows
 + Level 5.9 Dodging
 - Level 1.3 Stealth


You had 6 spell levels left.
You didn't know any spells.

Dungeon Overview and Level Annotations

Branches:
Dungeon (5/15)             Temple (1/1) D:5

Altars:
Ashenzari
Cheibriados
Dithmenos
Elyvilon
Fedhas
Gozag
Hepliaklqana
Kikubaaqudgha
Makhleb
Nemelex Xobeh
Okawaru
Qazlal
Ru
Sif Muna
Trog
Uskayaw
Vehumet
Wu Jian
Xom
Yredelemnul
Zin
The Shining One

Annotations:
D:5 Pikel


Innate Abilities, Weirdness & Mutations

You are small and have problems with some larger weapons.
You are carnivorous and can eat meat at any time.


Message History

Aim: an orc priest, wearing a ring mail (almost dead)
You shoot a bolt. The bolt barely misses the orc priest.
The orc priest calls down the wrath of Beogh upon you.
Beogh smites you!
You are too injured to fight recklessly!
You feel better.
Firing (i - inventory)
d - 38 bolts (quivered)
Press: ? - help, Shift-Dir - straight line, f/p - orc priest
Aim: an orc priest, wearing a ring mail (almost dead)
You shoot a bolt.
The bolt completely misses the orc priest.
The bolt hits the slave.
The slave is lightly wounded.
The orc priest mumbles some strange prayers to Beogh against you.
Beogh smites you!
* * * LOW HITPOINT WARNING * * *
You hear a shout! x2
The orc priest invokes the aid of Beogh against you.
Beogh smites you!
You die...

#.#.# ### ##.#.#
.p. #....#
##K###.#.#.##
((...##.#..#####.#
po.............#
##.##.##.#######
#(#.#.##
######@..##
.........##
##########


You could see Pikel, 2 slaves and an orc priest.

Vanquished Creatures
  A bullfrog skeleton (D:3)
  2 orc wizards
  2 centaur skeletons
  A killer bee zombie (D:3)
  7 gnolls (D:4)
  5 adders
  An ooze (D:2)
  An adder skeleton (D:4)
  2 worms
  2 dart slugs (D:3)
  A leopard gecko (D:2)
  9 orcs
  2 ball pythons
  4 giant cockroaches
  5 goblins
  10 hobgoblins
  15 jackals
  2 quokkas
  7 bats
  3 frilled lizards
  A jackal skeleton (D:4)
  A jackal zombie (D:4)
  8 kobolds
  A leopard gecko skeleton (D:4)
  A quokka skeleton (D:4)
  9 rats
103 creatures vanquished.

Notes
Turn   | Place    | Note
-------+----------+-------------------------------------------
     0 | D:1      | Oravi the Kobold Hunter began the quest for the Orb.
     0 | D:1      | Reached XP level 1. HP: 12/12 MP: 1/1
    24 | D:1      | Reached skill level 5 in Crossbows
   101 | D:1      | Reached XP level 2. HP: 10/17 MP: 2/2
   458 | D:1      | Reached skill level 1 in Short Blades
   577 | D:1      | Reached XP level 3. HP: 17/21 MP: 3/3
  1280 | D:2      | Reached skill level 2 in Short Blades
  1378 | D:2      | Reached XP level 4. HP: 26/26 MP: 4/4
  1852 | D:2      | Found a burning altar of Makhleb.
  1852 | D:2      | Noticed a green death
  2141 | D:3      | Reached skill level 3 in Short Blades
  2147 | D:3      | Reached XP level 5. HP: 12/30 MP: 5/5
  2485 | D:3      | Reached skill level 4 in Short Blades
  2495 | D:3      | Reached skill level 5 in Dodging
  2699 | D:3      | Reached XP level 6. HP: 35/35 MP: 6/6
  3033 | D:4      | Reached skill level 5 in Short Blades
  3348 | D:4      | Found a blossoming altar of Fedhas.
  3776 | D:5      | Entered Level 5 of the Dungeon
  3866 | D:5      | Noticed a slave
  3866 | D:5      | Noticed a slave
  3866 | D:5      | Noticed a slave
  3867 | D:5      | Noticed Pikel
  3867 | D:5      | Noticed a slave
  3945 | D:5      | Reached skill level 6 in Short Blades
  3945 | D:5      | Reached XP level 7. HP: 32/40 MP: 7/7
  4033 | D:5      | Found a staircase to the Ecumenical Temple.
  4039 | Temple   | Entered the Ecumenical Temple
  4062 | Temple   | Became a worshipper of Dithmenos the Shadowed
  4392 | D:5      | Killed from afar by an orc priest

Vault maps used:
D:1:      matt_arrival_debris, hangedman_abyss_or_decor_lesser_grid
D:2:      makhleb_altar_promises_db
D:3:      first_ration, minmay_distorted
D:4:      marbit_many_paths, enter_ossuary_3
D:5:      temple_statues, uniq_pikel, uniq_grinder, uniq_ijyb
Temple:   regret_index_temple_sigil_plot

Skill      XL: |  1  2  3  4  5  6 |
---------------+-------------------+-----
Crossbows      | 5 |  5.0
Dodging        | 3 4 5 |  5.9
Short Blades   | 1 2 3 4 6 |  6.2
Fighting       | |  2.1
Stealth        | |  1.3

Action                   |  1- 3 |  4- 6 |  7- 9 || total
-------------------------+-------+-------+-------++-------
Melee: Short sword       |    54 |   145 |     9 ||   208
 Fire: Hand crossbow     |    58 |    86 |    17 ||   161
  Use: Potion            |       |     7 |     1 ||     8
       Scroll            |       |     7 |       ||     7
  Eat: Chunk             |    10 |     7 |       ||    17
Armor: Leather armour    |    16 |    18 |       ||    34
Dodge: Dodged            |    58 |   119 |     9 ||   186

Table legend:
 A = Spawn XP
 B = Non-spawn XP
 C = Spawn XP percentage of total XP
 D = Spawn monster count
 E = Non-spawn monster count
 F = Spawn count percentage of total count
 G = Total turns spent on level
                    A         B        C        D         E        F      G
               +---------+---------+-------+---------+---------+-------+---------
         Total |       0 |     558 |   0.0 |       0 |     103 |   0.0 |  4392
               +---------+---------+-------+---------+---------+-------+---------
           D:1 |       0 |      45 |   0.0 |       0 |      30 |   0.0 |  1186
           D:2 |       0 |      75 |   0.0 |       0 |      20 |   0.0 |  1126
           D:3 |       0 |     156 |   0.0 |       0 |      20 |   0.0 |   612
           D:4 |       0 |     213 |   0.0 |       0 |      26 |   0.0 |   999
           D:5 |       0 |      69 |   0.0 |       0 |       7 |   0.0 |   185
               +---------+---------+-------+---------+---------+-------+---------
